 Dungeon Crawl Stone Soup version 0.31-a0-881-ge136f0c47a (webtiles) character file.

Game seed: 2346135963909418006

3069 Ekaitz the Frost Mage (level 9, -6/73 HPs)
             Began as a Ghoul Ice Elementalist on Oct 15, 2023.
             Was a Follower of Dithmenos.
             Mangled by a two-headed ogre
             ... wielding a +0 giant club
              (12 damage)
             ... on level 6 of the Dungeon.
             The game lasted 00:21:10 (7121 turns).

Ekaitz the Frost Mage (Ghoul Ice Elementalist)      Turns: 7121, Time: 00:21:10

Health: -6/73      AC: 17    Str: 12    XL:     9   Next: 88%
Magic:  9/24       EV: 12    Int: 14    God:    Dithmenos [*.....]
Gold:   219        SH:  0    Dex:  9    Spells: 6/17 levels left

rFire   . . .        f - +0 dagger (venom)
rCold   + . .        (no shield)
rNeg    + + +        x - +2 robe {Will+}
rPois   ∞            O - +0 hat
rElec   .            k - +0 cloak
rCorr   .            (no gloves)
SInv    .            h - +0 pair of boots
Will    +....        (no amulet)
Stlth   +++          n - +4 ring of protection
HPRegen 0.00/turn    z - ring of magical power
MPRegen 0.19/turn

%: no passive effects
@: ice-armoured, freezing walls, inhibited regen, wreathed by umbra
A: claws 1, cold resistance 1, negative energy resistance 3, inhibited
regeneration, torment resistance 2, devour on kill
a: Renounce Religion


You were on level 6 of the Dungeon.
You worshipped Dithmenos.
Dithmenos was aware of your devotion.
You visited 2 branches of the dungeon, and saw 7 of its levels.
You also visited: Sewer.

You collected 331 gold pieces.
You spent 112 gold pieces at shops.

Inventory:

Hand Weapons
 f - a +0 dagger of venom (weapon)
 w - a +2 whip of freezing
 D - a +0 dagger of electrocution
 H - a +0 dagger of draining
 I - a +4 long sword
 J - a +2 whip of electrocution
 N - a +3 dire flail of draining
 R - a +4 spear
Missiles
 t - 28 poisoned darts
 Q - a curare-tipped dart
Armour
 h - a +0 pair of boots (worn)
 k - a +0 cloak (worn)
 x - a +2 robe of willpower (worn)
 O - a +0 hat (worn)
Jewellery
 n - a +4 ring of protection (left claw)
 z - a ring of magical power (right claw)
 G - a ring of flight
Wands
 o - a wand of roots (7)
 v - a wand of paralysis (12)
 M - a wand of light (10)
 P - a wand of flame (18)
Scrolls
 c - 2 scrolls of revelation {unknown}
 e - 2 scrolls of poison {unknown}
 g - 7 scrolls of teleportation
 i - a scroll of enchant armour {unknown}
 l - 2 scrolls of amnesia {unknown}
 m - 5 scrolls of identify {unknown}
 q - 2 scrolls of immolation {unknown}
 r - 3 scrolls of noise
 y - a scroll of enchant weapon {unknown}
 A - 5 scrolls of fear {unknown}
 E - a scroll of butterflies {unknown}
 L - a scroll of fog {unknown}
Potions
 a - a potion of enlightenment {unknown}
 b - a potion of magic
 d - 2 potions of heal wounds
 j - a potion of haste
 p - a potion of degeneration
 s - a potion of resistance
 u - 2 potions of curing
 B - 2 potions of might
 C - 2 potions of invisibility {unknown}
 F - a potion of berserk rage {unknown}
 K - a potion of lignification {unknown}


   Skills:
 * Level 4.8 Fighting
 + Level 2.0 Short Blades
 + Level 3.8 Dodging
 + Level 3.8 Stealth
 * Level 5.9 Unarmed Combat
 + Level 4.8 Spellcasting
 * Level 3.4 Summonings
 * Level 9.1 Ice Magic


You had 6 spell levels left.
You knew the following spells:

 Your Spells              Type           Power      Damage    Failure   Level
a - Freeze                Ice            100%       1d10      1%          1
b - Frozen Ramparts       Ice            58%        1d9       1%          3
c - Ozocubu's Armour      Ice            29%        N/A       1%          3
d - Summon Ice Beast      Ice/Summ       21%        N/A       13%         4

Your spell library contained the following spells:

 Spells                   Type           Power      Damage    Failure   Level
 Ensorcelled Hibernation  Hex/Ice        32%        N/A       4%          2
 Call Imp                 Summ           26%        N/A       7%          2
 Magic Dart               Conj           12%        1d3       19%         1
 Sandblast                Erth           6%         2d5       19%         1
 Passwall                 Tmut/Erth      2%         N/A       26%         2
 Poisonous Vapours        Pois/Air       6%         N/A       26%         2
 Dazzling Flash           Conj/Hex       6%         N/A       47%         3
 Mephitic Cloud           Conj/Pois/Air  3%         N/A       47%         3
 Swiftness                Air            3%         N/A       47%         3
 Freezing Cloud           Conj/Ice/Air   5%         6-21      80%         5
 Petrify                  Tmut/Erth      3%         N/A       87%         4
 Agony                    Necr           3%         N/A       99%         5
 Silence                  Hex/Air        1%         N/A       99%         5
 Starburst                Conj/Fire      1%         6d3       100%        6
 Ignition                 Fire           1%         3d3       100%        8


Dungeon Overview and Level Annotations

Branches:
Dungeon (6/15)             Temple (1/1) D:5           Sewer (visited)

Altars:
Ashenzari
Dithmenos
Fedhas
Gozag
Makhleb
Okawaru
Qazlal
Ru
Sif Muna
Trog
Vehumet
Wu Jian
Xom
Yredelemnul

Shops:
D:3 *   D:4 [!!*?   D:6 (


Innate Abilities, Weirdness & Mutations

You are immune to poison.
You have sharp fingernails.
Your flesh is cold resistant. (rC+)
You are immune to negative energy. (rN+++)
You do not regenerate when monsters are visible.
You are immune to unholy pain and torment.
You thrive by killing the living.


Message History

The two-headed ogre hits you with a +0 giant club!!
Casting: Ozocubu's Armour (safe; 1% risk of failure)
Confirm with . or Enter, or press ? or * to list all spells.
Casting: Frozen Ramparts (safe; 1% risk of failure)
Press: ? - help, Dir - look around, f - activate This square is wreathed by an umbra.
The walls around you are covered in ice.
The wall freezes the shadow imp but does no damage.
The wall freezes the two-headed ogre.
The two-headed ogre hits you with a +0 giant club!
The two-headed ogre closely misses you.
Casting: Frozen Ramparts (safe; 1% risk of failure)
Confirm with . or Enter, or press ? or * to list all spells.
A film of ice covers your body!
You hear an angry hiss.
The shadow imp resists.
The wall freezes the shadow imp.
Unknown command.
Okay, then.
Casting: Ozocubu's Armour (safe; 1% risk of failure)
Confirm with . or Enter, or press ? or * to list all spells.
Aiming: Freeze (safe; 1% risk of failure)
Press: ? - help, Shift-Dir - straight line, f - two-headed ogre
Aim: a two-headed ogre, wielding two +0 giant clubs (lightly wounded, very poisoned, umbra)
You freeze the two-headed ogre.
The two-headed ogre is lightly wounded.
The shadow imp resists.
The wall freezes the shadow imp.
The wall freezes the two-headed ogre.
The two-headed ogre hits you but does no damage.
The two-headed ogre hits you with a +0 giant club!
* * * LOW HITPOINT WARNING * * *
Unknown command.
Casting: Freeze (safe; 1% risk of failure)
Confirm with . or Enter, or press ? or * to list all spells.
A chill wind blows around you.
You hear an angry hiss.
The shadow imp completely resists.
The wall freezes the shadow imp but does no damage.
The wall freezes the two-headed ogre.
The two-headed ogre hits you with a +0 giant club!
You die...

#...................#.......#
#...##....######....##......#
######..##....##..##....##..##.##
#...##..##..............######'##
.....#...................#...#...
.........###...######........+...
....##..##}#####....#...##..##.##
#...##..##+#)..OY##.#...##..##)##
#...##..#. #.#.#@##)##..##...))..
#...##..#.. .l#)†))##..##.......
........###########'##..##.....##
........#......#.....#..##.....##
#.......#.#..#.#.#.#.#####.......
#...##..#..##..#..#..#..##.......
....##.##..##..#.#.#.#...........
##.###..#.#..#.'.....#...........
#...##.....)...#######...........


You could see a two-headed ogre (very poisoned, ally target) and a friendly ice
beast (summoned).

Vanquished Creatures
  Pikel (D:4)
  Prince Ribbit (D:6)
  Grinder (D:3)
  Sigmund (D:5)
  Edmund (D:6)
  2 black bears
  An ogre (D:5)
  A lemure (D:4)
  3 kobold brigands
  2 necrophages (D:5)
  4 scorpions
  3 wights (D:5)
  A howler monkey (D:4)
  4 bullfrog zombies (D:5)
  A human zombie (D:5)
  A hound (D:6)
  A gnoll bouda (D:5)
  3 jellies
  3 orc priests
  A sleepcap (D:5)
  2 iguanas
  5 orc wizards
  A hound zombie (D:5)
  A mummy (D:5)
  9 adders
  7 gnolls
  2 river rats (Sewer)
  A shadow imp (D:6)
  2 white imps
  3 ufetubi
  3 worms
  A dart slug (D:2)
  10 orcs
  9 ball pythons
  7 endoplasms
  2 giant cockroaches (D:1)
  14 goblins
  8 hobgoblins
  4 jackals (D:1)
  5 quokkas
  6 bats
  2 frilled lizards
  18 kobolds
  8 rats
166 creatures vanquished.

Notes
Turn   | Place    | Note
-------+----------+-------------------------------------------
     0 | D:1      | Ekaitz the Ghoul Ice Elementalist began the quest for the
                  | Orb.
     0 | D:1      | Reached XP level 1. HP: 14/14 MP: 2/2
    66 | D:1      | Reached XP level 2. HP: 7/20 MP: 1/3
   543 | D:1      | Reached XP level 3. HP: 9/27 MP: 3/5
   792 | D:1      | Reached skill level 5 in Ice Magic
   809 | D:1      | Learned a level 3 spell: Frozen Ramparts
  1055 | D:2      | Reached skill level 1 in Fighting
  1193 | D:2      | Reached XP level 4. HP: 32/35 MP: 2/6
  1199 | D:2      | Learned a level 3 spell: Ozocubu's Armour
  1360 | D:2      | Found a basalt altar of Yredelemnul.
  1373 | D:2      | Reached skill level 1 in Unarmed Combat
  1813 | D:3      | Found a shimmering blue altar of Sif Muna.
  1886 | D:3      | Reached XP level 5. HP: 37/40 MP: 4/7
  2074 | D:3      | Found an opulent altar of Gozag.
  2076 | D:3      | Found Gozag's Platinum Reserve.
  2257 | D:3      | Found a glowing drain.
  2273 | Sewer    | Entered a sewer
  2649 | Sewer    | Noticed a kobold brigand
  2662 | Sewer    | Killed a kobold brigand
  2663 | Sewer    | Reached XP level 6. HP: 45/48 MP: 3/8
  2993 | D:3      | Noticed Grinder
  3026 | D:3      | Killed Grinder
  3027 | D:3      | Reached skill level 1 in Short Blades
  3027 | D:3      | Reached skill level 6 in Ice Magic
  3027 | D:3      | Reached XP level 7. HP: 31/56 MP: 7/10
  3032 | D:3      | Learned a level 4 spell: Summon Ice Beast
  3466 | D:4      | Found Ubbig's Armour Boutique.
  3519 | D:4      | Found Oharo's Distillery.
  3530 | D:4      | Noticed Pikel
  3532 | D:4      | Bought a potion of curing for 33 gold pieces
  3537 | D:4      | Found Orchietett's Assorted Antiques.
  3548 | D:4      | Paralysed by Pikel for 4 turns
  3554 | D:4      | Paralysed by Pikel for 4 turns
  3558 | D:4      | Killed Pikel
  3559 | D:4      | Reached skill level 1 in Summonings
  3559 | D:4      | Reached skill level 7 in Ice Magic
  3559 | D:4      | Reached XP level 8. HP: 24/63 MP: 1/12
  3715 | D:4      | Bought a scroll labelled POMUL LEAMN for 23 gold pieces
  3715 | D:4      | Bought a smoky red potion for 20 gold pieces
  3715 | D:4      | Bought a scroll labelled GAV ORAGUZIR for 23 gold pieces
  3804 | D:4      | Found a sacrificial altar of Ru.
  3910 | D:4      | Found Leacs's Magic Scroll Shop.
  3919 | D:4      | Bought a scroll of noise for 13 gold pieces
  4040 | D:4      | Found Adisorgh's Distillery.
  4345 | D:5      | Entered Level 5 of the Dungeon
  4537 | D:5      | Found a staircase to the Ecumenical Temple.
  4544 | Temple   | Entered the Ecumenical Temple
  4571 | Temple   | Became a worshipper of Dithmenos the Shadowed
  5352 | D:5      | Noticed Sigmund
  5362 | D:5      | Killed Sigmund
  5363 | D:5      | Reached XP level 9. HP: 66/71 MP: 14/14
  5597 | D:5      | Reached skill level 8 in Ice Magic
  5857 | D:5      | Reached skill level 5 in Unarmed Combat
  5893 | D:5      | Found a basalt altar of Yredelemnul.
  6269 | D:6      | Reached * piety under Dithmenos
  6402 | D:6      | Found Wuoph's Weapon Emporium.
  6572 | D:6      | Noticed Prince Ribbit
  6600 | D:6      | Killed Prince Ribbit
  6664 | D:6      | Noticed Edmund
  6681 | D:6      | Killed Edmund
  6753 | D:6      | Found a shimmering altar of Xom.
  6790 | D:6      | Got an upside-down book
  6829 | D:6      | Reached skill level 9 in Ice Magic
  7116 | D:6      | Noticed a two-headed ogre
  7121 | D:6      | Mangled by a two-headed ogre

Illustrated notes

Levels and vault maps discovered:
D:1:      mainiacjoe_arrival_reflecting_pool, layout_basic,
          roderic_roman_lattice, st_stairs_9, minmay_unequal
D:2:      layout_rooms, basic_altar, serial_bayou, serial_bayou_crossing,
          serial_bayou_lagoon_a, serial_bayou_pond_d, serial_bayou_pond_d
D:3:      layout_basic, nicolae_gozag_zags_fifth_avenue,
          kennysheep_orc_sif_temple, cheibrodos_sewer_entry_bend, uniq_grinder
D:4:      layout_gridville, lemuel_round_altar, serial_shops, shop,
          nicolae_shop_scrapyard, nicolae_shop_just_a_little_nook,
          nicolae_lakefront_shop, kennysheep_mini_moat, uniq_pikel
D:5:      minmay_inner_zag, layout_basic, lemuel_mausoleum_altar_yredelemnul,
          minmay_temple_entry_nine_rooms, amethyst_killhole, uniq_sigmund
D:6:      minmay_clustersquares, layout_gridville, lemuel_crystal_altar,
          serial_shops, nicolae_shop_window_shopping, uniq_edmund,
          uniq_prince_ribbit1
Temple:   hellmonk_temple_rainy

Skill      XL: |  1  2  3  4  5  6  7  8  9 |
---------------+----------------------------+-----
Spellcasting   | 2 3 4 |  4.8
Ice Magic      | 5 6 7 9 |  9.1
Fighting       | 1 2 3 4 |  4.8
Dodging        | 2 3 |  3.8
Unarmed Combat | 1 2 3 4 5 |  5.9
Stealth        | 3 |  3.8
Short Blades   | 1 2 |  2.0
Summonings     | 1 2 3 |  3.4

Action                     |  1- 3 |  4- 6 |  7- 9 || total
---------------------------+-------+-------+-------++-------
  Melee: Unarmed           |    29 |       |    89 ||   118
         Dagger            |    42 |    70 |   228 ||   340
         Punch             |       |       |    10 ||    10
   Cast: Freeze            |    28 |    38 |    41 ||   107
         Frozen Ramparts   |     1 |     6 |    23 ||    30
         Ozocubu's Armour  |       |     2 |    20 ||    22
         Summon Ice Beast  |       |       |     2 ||     2
    Use: Potion            |       |     5 |       ||     5
         Scroll            |       |     1 |       ||     1
   Stab: Sleeping          |     3 |     3 |     9 ||    15
         Distracted        |       |       |     1 ||     1
 Armour: Robe              |    60 |    48 |   241 ||   349
  Dodge: Dodged            |    65 |    41 |   214 ||   320

Table legend: (Time is in decaauts)
 A = Elapsed time spent in this place.
 B = Non-inter-level travel time spent in this place.
 C = Inter-level travel time spent in this place.
 D = Time resting spent in this place.
 E = Time spent auto-exploring this place.
 F = Levels seen in this place.
 G = Mean time per level.
                   A        B        C        D        E       F      G
               +--------+--------+--------+--------+--------+-----+--------+
         Total |   7189 |   6861 |    328 |    463 |   4339 |   8 |  898.6 |
       Dungeon |   6407 |   6091 |    316 |    460 |   3908 |   6 | 1067.8 |
        Temple |     39 |     27 |     12 |      0 |      0 |   1 |   39.0 |
         Sewer |    742 |    742 |      0 |      3 |    430 |   1 |  742.0 |
               +--------+--------+--------+--------+--------+-----+--------+

Top non-repeatable levels by time:
     D:5: 1852 daAuts
     D:3: 1047 daAuts
     D:1: 1042 daAuts
     D:4: 874 daAuts
     D:6: 857 daAuts
   Sewer: 742 daAuts
     D:2: 732 daAuts
  Temple: 39 daAuts
